 Dungeon Crawl Stone Soup version 0.31-a0-1093-gadecf4124d (console) character file.

Game seed: 4987142210685702871

440634 Ignak the Shatterer (level 23, -3/206 HPs)
             Began as a Gnoll Air Elementalist on Nov 20, 2023.
             Was a High Priest of Sif Muna.
             Killed from afar by Vv (20 damage)
             ... on level 2 of the Depths on Nov 29, 2023.
             The game lasted 04:32:45 (54336 turns).

Ignak the Shatterer (Gnoll Air Elementalist)       Turns: 54336, Time: 04:32:46

Health: -3/206     AC: 30    Str: 11    XL:     23   Next: 76%
Magic:  7/48       EV: 19    Int: 23    God:    Sif Muna [*****.]
Gold:   2840       SH: 10    Dex: 13    Spells: 6/55 levels left

rFire   + + .        b - +9 eveningstar (heavy)
rCold   + . .        W - +2 buckler {reflect}
rNeg    + + +        F - +2 robe {rC+ rF+}
rPois   +            R - +2 helmet
rElec   .            j - +2 cloak
rCorr   .            y - +2 pair of gloves
SInv    +            w - +2 pair of boots "Rikhes" {rN+ SInv Stlth+}
Will    +....        s - amulet of Usenimi {RegenMP rN++}
Stlth   +++          X - ring of the Tortoise {AC+8}
HPRegen 0.54/turn    N - ring of the Beloved Banana {rPois rF+ Str+3}
MPRegen 0.71/turn

%: reflection, clarity
@: frozen, contaminated, glowing, studying 2 skills, very slow
A: fangs 1, strong nose, distributed training, iridescent scales 1, clarity,
dopey 1, high MP 1, robust 1
}: 3/15 runes: decaying, serpentine, silver
a: Renounce Religion, Channel Magic, Forget Spell, Divine Exegesis


You were on level 2 of the Depths.
You worshipped Sif Muna.
Sif Muna was extremely pleased with you.
You visited 9 branches of the dungeon, and saw 40 of its levels.
You visited 1 bazaar.
You also visited: Ice Cave, Volcano and Desolation.

You collected 6792 gold pieces.
You spent 3952 gold pieces at shops.

Inventory:

Hand Weapons
 a - the +6 Majin-Bo {spellvamp, MP+6 Int+6}
   (You found it on level 7 of the Dungeon)

   Int+6:     It affects your intelligence (+6).
   MP+6:      It affects your magic capacity (+6).
 b - a +9 heavy eveningstar (weapon)
Missiles
 i - 52 poisoned darts (quivered)
Armour
 h - +3 swamp dragon scales
 j - a +2 cloak (worn)
 n - a +1 kite shield of resistance
 w - the +2 pair of boots "Rikhes" (worn) {rN+ SInv Stlth+}
   (You found it on level 1 of the Vaults)

   rN+:       It protects you from negative energy.
   SInv:      It lets you see invisible.
   Stlth+:    It makes you more stealthy.
 y - a +2 pair of gloves (worn)
 F - a +2 robe of resistance (worn)
 R - a +2 helmet (worn)
 W - a +2 buckler of reflection (worn)
Jewellery
 s - the amulet of Usenimi (around neck) {RegenMP rN++}
   (You bought it in a shop on level 1 of the Depths)

   [amulet of magic regeneration]

   RegenMP:   It increases your rate of magic regeneration.
   rN++:      It greatly protects you from negative energy.
 B - a ring of the Octopus King {rC+ HP+2 AC+2 EV+2 SH+2}
   (You took it off a servant of whispers in the Desolation of Salt)

   [ring of protection from cold]

   AC+2:      It affects your AC (+2).
   EV+2:      It affects your evasion (+2).
   rC+:       It protects you from cold.
   HP+2:      It affects your health (+2).
   SH+2:      It affects your SH (+2).
 I - a ring of ice
 J - an amulet of the acrobat
 N - the ring of the Beloved Banana (right hand) {rPois rF+ Str+3}
   (You found it on level 5 of the Vaults)

   [ring of poison resistance]

   Str+3:     It affects your strength (+3).
   rF+:       It protects you from fire.
   rPois:     It protects you from poison
 O - the ring "Nixt" {EV+5 Int+4}
   (You found it on level 1 of the Swamp)

   [ring of evasion]

   EV+5:      It affects your evasion (+5).
   Int+4:     It affects your intelligence (+4).
 X - the ring of the Tortoise (left hand) {AC+8}
   (You found it on level 5 of the Vaults)

   [ring of protection]

   AC+8:      It affects your AC (+8).
Wands
 o - a wand of acid (24)
 v - a wand of digging (21)
 z - a wand of mindburst (21)
 G - a wand of paralysis (49)
Scrolls
 f - 14 scrolls of teleportation
 l - 6 scrolls of blinking
 m - a scroll of brand weapon
 p - a scroll of immolation
 q - a scroll of butterflies
 t - 5 scrolls of fog
 x - 11 scrolls of identify
 C - a scroll of revelation
 L - 5 scrolls of fear
 T - 3 scrolls of vulnerability
 U - 4 scrolls of silence
Potions
 d - 14 potions of curing
 e - a potion of brilliance
 k - a potion of resistance
 r - a potion of invisibility
 u - a potion of magic
 A - 2 potions of cancellation
 D - 5 potions of mutation
 E - a potion of heal wounds
 H - 3 potions of haste
 K - 4 potions of berserk rage
 S - 4 potions of might
 V - 4 potions of enlightenment
 Y - 4 potions of lignification
Miscellaneous
 c - a phantom mirror
 g - a lightning rod (4/4)
 P - a phial of floods
 Q - a tin of tremorstones (2/2)


   Skills:
 + Level 17.2 Fighting
 + Level 16.1 Short Blades
 + Level 16.1 Long Blades
 + Level 16.1 Axes
 + Level 21.1 Maces & Flails
 + Level 16.1 Polearms
 + Level 16.1 Staves
 + Level 16.1 Ranged Weapons
 + Level 16.1 Throwing
 + Level 16.1 Armour
 + Level 16.7 Dodging
 + Level 16.6 Stealth
 + Level 16.1 Shields
 + Level 16.1 Unarmed Combat
 + Level 16.8 Spellcasting
 + Level 13.9 Conjurations
 + Level 13.7 Hexes
 + Level 13.7 Summonings
 + Level 13.7 Necromancy
 + Level 13.7 Translocations
 + Level 13.7 Transmutations
 + Level 13.7 Fire Magic
 + Level 13.7 Ice Magic
 + Level 14.7 Air Magic
 + Level 13.7 Earth Magic
 + Level 13.7 Poison Magic
 + Level 17.5 Invocations
 + Level 16.1 Evocations
 + Level 14.9 Shapeshifting


You had 6 spell levels left.
You knew the following spells:

 Your Spells              Type           Power      Damage    Failure   Level
a - Ozocubu's Refrigerat  Ice            35%        4d15      10%         7
b - Blink                 Tloc           100%       N/A       1%          2
c - Lee's Rapid Deconstr  Erth           35%        3d18*     1%          5
e - Airstrike             Air            36%        2d(6-22)  1%          4
f - Stone Arrow           Conj/Erth      100%       3d13      1%          3
g - Freezing Cloud        Conj/Ice/Air   35%        6-21      1%          5
h - Wereblood             Tmut           70%        N/A       1%          2
q - Dispel Undead         Necr           70%        3d24      1%          4
r - Maxwell's Capacitive  Air            36%        ∞         45%         8
t - Passwall              Tmut/Erth      58%        N/A       1%          2
x - Ignite Poison         Fire/Tmut/Pois 70%        N/A       1%          3
z - Olgreb's Toxic Radia  Pois           70%        N/A       1%          4

Your spell library contained the following spells:

 Spells                   Type           Power      Damage    Failure   Level
 Apportation              Tloc           100%       N/A       0%          1
 Foxfire                  Conj/Fire      100%       2x1d9     0%          1
 Kiss of Death            Conj/Necr      100%       2d13      0%          1
 Magic Dart               Conj           100%       1d8       0%          1
 Necrotise                Necr           100%       1d9       0%          1
 Sandblast                Erth           100%       2d20      0%          1
 Shock                    Conj/Air       100%       1d9       0%          1
 Slow                     Hex            100%       N/A       0%          1
 Sting                    Tmut/Pois      100%       1d8       0%          1
 Summon Small Mammal      Summ           100%       N/A       0%          1
 Cigotuvi's Dreadful Rot  Necr/Pois/Air  100%       N/A       0%          2
 Momentum Strike          Conj/Tloc      100%       3d10      0%          2
 Poisonous Vapours        Pois/Air       100%       N/A       0%          2
 Searing Ray              Conj           100%       2d8       0%          2
 Static Discharge         Conj/Air       100%       3-8/arc   0%          2
 Call Imp                 Summ           100%       N/A       1%          2
 Ensorcelled Hibernation  Hex/Ice        100%       N/A       1%          2
 Jinxbite                 Hex            100%       N/A       1%          2
 Lesser Beckoning         Tloc           100%       N/A       1%          2
 Scorch                   Fire           100%       2d9       1%          2
 Sublimation of Blood     Necr           70%        N/A       1%          2
 Call Canine Familiar     Summ           70%        N/A       1%          3
 Confusing Touch          Hex            70%        N/A       1%          3
 Dazzling Flash           Conj/Hex       100%       N/A       1%          3
 Gell's Gravitas          Tloc           70%        N/A       1%          3
 Mephitic Cloud           Conj/Pois/Air  71%        N/A       1%          3
 Ozocubu's Armour         Ice            70%        N/A       1%          3
 Sigil of Binding         Hex            70%        N/A       1%          3
 Summon Guardian Golem    Hex/Summ       70%        N/A       1%          3
 Swiftness                Air            72%        N/A       1%          3
 Teleport Other           Tloc           70%        N/A       1%          3
 Tukima's Dance           Hex            70%        N/A       1%          3
 Vampiric Draining        Necr           70%        2d11      1%          3
 Volatile Blastmotes      Fire/Tloc      100%       2d18      1%          3
 Anguish                  Hex/Necr       35%        N/A       1%          4
 Animate Armour           Summ/Erth      100%       N/A       1%          4
 Animate Dead             Necr           70%        N/A       1%          4
 Brom's Barrelling Bould  Conj/Erth      70%        2d8       1%          4
 Dimensional Bullseye     Hex/Tloc       35%        N/A       1%          4
 Flame Wave               Conj/Fire      70%        2d16      1%          4
 Fulminant Prism          Conj/Hex       35%        3d17      1%          4
 Iskenderun's Mystic Bla  Conj/Tloc      70%        2d14      1%          4
 Leda's Liquefaction      Hex/Erth       35%        N/A       1%          4
 Manifold Assault         Tloc           70%        N/A       1%          4
 Passage of Golubria      Tloc           70%        N/A       1%          4
 Petrify                  Tmut/Erth      70%        N/A       1%          4
 Sticky Flame             Conj/Fire      70%        2d8       1%          4
 Summon Ice Beast         Ice/Summ       70%        N/A       1%          4
 Vhi's Electric Charge    Tloc/Air       100%       N/A       1%          4
 Agony                    Necr           70%        N/A       1%          5
 Alistair's Intoxication  Tmut/Pois      46%        N/A       1%          5
 Borgnjor's Vile Clutch   Necr/Erth      35%        N/A       1%          5
 Fireball                 Conj/Fire      35%        3d15      1%          5
 Irradiate                Conj/Tmut      35%        3d23      1%          5
 Metabolic Englaciation   Hex/Ice        35%        N/A       1%          5
 Silence                  Hex/Air        35%        N/A       1%          5
 Summon Forest            Summ/Tloc      35%        N/A       1%          5
 Summon Mana Viper        Hex/Summ       70%        N/A       1%          5
 Conjure Ball Lightning   Conj/Air       35%        3x3d11    1%          6
 Dispersal                Tloc           35%        N/A       1%          6
 Plasma Beam              Fire/Air       35%        2x1d49    1%          6
 Simulacrum               Ice/Necr       35%        N/A       1%          6
 Starburst                Conj/Fire      35%        6d10      1%          6
 Summon Cactus Giant      Summ           35%        N/A       1%          6
 Orb of Destruction       Conj           35%        9d10      9%          7
 Haunt                    Necr/Summ      35%        N/A       10%         7
 Malign Gateway           Summ/Tloc      35%        N/A       10%         7
 Monstrous Menagerie      Summ           35%        N/A       10%         7
 Spellforged Servitor     Conj/Summ      35%        N/A       10%         7
 Summon Hydra             Summ           35%        N/A       10%         7
 Discord                  Hex            35%        N/A       58%         8
 Disjunction              Tloc           35%        N/A       58%         8
 Ignition                 Fire           35%        3d11      58%         8
 Lehudib's Crystal Spear  Conj/Erth      35%        10d9      58%         8
 Chain Lightning          Conj/Air       35%        3d47      100%        9
 Death's Door             Necr           35%        N/A       100%        9
 Dragon's Call            Summ           35%        N/A       100%        9
 Fire Storm               Conj/Fire      35%        8d9       100%        9
 Polar Vortex             Ice            35%        12d4*     100%        9
 Shatter                  Erth           35%        3d28*     100%        9


Dungeon Overview and Level Annotations

Branches:
Dungeon (15/15)            Temple (1/1) D:4            Lair (5/5) D:11
  Swamp (4/4) Lair:2        Snake (4/4) Lair:2        Slime (0/5) Lair:4
    Orc (2/2) D:9             Elf (2/3) Orc:2        Vaults (5/5) D:14
  Crypt (0/3) Vaults:2     Depths (2/4) D:15          IceCv (visited)
Volcano (visited)         Desolation (visited)

Altars:
Ashenzari
Cheibriados
Dithmenos
Elyvilon
Fedhas
Gozag
Hepliaklqana
Kikubaaqudgha
Makhleb
Nemelex Xobeh
Okawaru
Qazlal
Ru
Sif Muna
Trog
Uskayaw
Vehumet
Wu Jian
Xom
Yredelemnul
Zin
The Shining One
Jiyva

Shops:
D:1 (   D:9 [   D:12 :   D:14 !   Orc:2 ((**   Elf:2 :   Snake:2 :*[
Snake:4 (   Vaults:2 :([   Vaults:4 ?   Depths:1 =*!?

Portals:
Hell: Depths:1 Depths:2
Pandemonium: Depths:2
Ziggurat: Depths:2

Annotations:
Elf:2 5 runed translucent doors
Depths:2 Vv


Innate Abilities, Weirdness & Mutations

You have very sharp teeth.
Your uncanny sense of smell can sniff out nearby items.
Your experience applies equally to all skills.
You are partially covered in iridescent scales. (AC +2)
You possess an exceptional clarity of mind.
You are dopey. (Int -2)
You have an increased reservoir of magic. (+10% MP)
You are robust. (+10% HP)


Message History

You are encased in ice.
Casting: Maxwell's Capacitive Coupling (dangerous; 45% risk of failure)
Confirm with . or Enter, or press ? or * to list all spells.
You miscast Maxwell's Capacitive Coupling.
You are blasted with air!!
You block Vv's attack. Vv hits you but does no damage.
Casting: Maxwell's Capacitive Coupling (dangerous; 45% risk of failure)
Confirm with . or Enter, or press ? or * to list all spells.
You miscast Maxwell's Capacitive Coupling.
You are contaminated with residual magic.
The wind whips around you!! Vv hits you. Vv freezes you!! You resist.
* * * LOW HITPOINT WARNING * * *
Vv hits you but does no damage.
Casting: Maxwell's Capacitive Coupling (dangerous; 45% risk of failure)
Confirm with . or Enter, or press ? or * to list all spells.
You blink.
The ice encasing you melts away.
You feel ready to blink again.
Casting: Blink (safe; 1% risk of failure)
Confirm with . or Enter, or press ? or * to list all spells.
You blink.
Casting: Blink (safe; 1% risk of failure)
Confirm with . or Enter, or press ? or * to list all spells.
You begin accumulating electric charge. (Press . to continue charging.)
You feel charge building up...
You feel ready to blink again.
Vv calls freezing cold from the walls.
The frost grips you! You resist.
* * * LOW HITPOINT WARNING * * *
You are encased in ice.
You feel charge building up...
You feel charge building up... Vv rends the earth beneath you!
The blast of magma engulfs you! You partially resist.
* * * LOW HITPOINT WARNING * * *
You feel charge building up... Vv rends the earth beneath you!
The blast of magma engulfs you!! You partially resist.
You die...

#.......##..........~~.....
#(.....##...........~.....≈
#
##....[.................~.≈
#.
##.............##........~.≈
#.###..†....##.∩...# ...
..≈.~ .................## ..
...~ #.....~......9.## ...~
#.....~.....>≈## ....
#...~≈~~.~~..@# ...
###...~..###### ..# #.#...##
.. ###..## #..# .. #...# #..
....# #.. #.#..# #.. #.####


You could see Vv.

Vanquished Creatures
  A dread lich (Vaults:5)
  Sojobo (Vaults:4)
  Bai Suzhen (Swamp:4)
  A golden dragon (Vaults:5)
  Nikola (Elf:1)
  2 Ice Fiends (IceCv)
  5 tentacled monstrosities
  5 titans
  Zenata (Vaults:4)
  2 sphinxes
  The ghost of stendehmen the Executioner, an adept MiFi of the Shining One (Swamp:1)
  The ghost of Ynurim the Bludgeoner, an adept AtFi of the Shining One (Swamp:2)
  9 tengu reavers
  2 storm dragons
  Roxanne (Swamp:2)
  An azure jelly (Swamp:4)
  4 nagarajas
  2 fire giants (Vaults:5)
  3 frost giants
  15 vault wardens
  A deep elf sorcerer (Vaults:1)
  An imperial myrmidon (Desolation)
  2 orc warlords
  3 formless jellyfish
  10 ironbound preservers
  7 stone giants
  2 ghouls (Swamp:1)
  A very ugly thing (Depths:2)
  2 war gargoyles
  5 ironbound thunderhulks
  A deep elf demonologist (Elf:2)
  A deep elf annihilator (Vaults:1)
  A vampire knight (Depths:1)
  A bunyip (Swamp:3)
  4 eleionomae
  2 spark wasps (Swamp:3)
  7 dire elephants
  Snorg (Lair:5)
  An entropy weaver (Vaults:3)
  2 ragged hierophants (Desolation)
  4 ettins
  2 fire dragons
  2 deep elf high priests
  2 servants of whispers (Desolation)
  6 salamander tyrants
  10 yaktaur captains
  2 rakshasas
  4 ice dragons
  35 vault guards
  4 great orbs of eyes
  6 peacekeepers
  A great orb of eyes (shapeshifter) (D:9)
  12 ironbound frosthearts
  16 hydras
  12 anacondas
  A catoblepas (Lair:4)
  14 centaur warriors
  2 ghost crabs (Swamp:4)
  A spriggan air mage (Swamp:1)
  7 alligators
  A death knight (D:9)
  16 dancing weapons
  6 ogre magi
  18 two-headed ogres
  Erica (D:11)
  8 boulder beetles
  2 tengu warriors
  A two-headed ogre (shapeshifter) (Vaults:4)
  A deep troll shaman (Depths:2)
  7 deep troll earth magi
  11 naga warriors
  3 death yaks (D:11)
  13 naga sharpshooters
  4 spriggan berserkers
  10 shock serpents
  5 orc high priests
  Nergalle (D:11)
  10 deep elf knights
  3 hell knights
  A spectral death yak (Lair:5)
  A skyshark (shapeshifter) (D:14)
  7 goliath frogs
  9 salamander mystics
  2 spriggan druids
  A glowing orange brain (Vaults:1)
  An orange crystal statue (IceCv)
  A skeletal warrior (D:9)
  A spectral anaconda (Lair:5)
  3 iron trolls (Depths:2)
  3 bog bodies
  32 deep trolls
  A swamp dragon (Swamp:2)
  4 naga ritualists
  16 ironbound convokers
  6 deep elf archers
  10 lindwurms
  11 slime creatures
  6 spriggan simulacra (IceCv)
  9 orc knights
  7 arcanists
  A phantasmal warrior (Vaults:5)
  25 deep elf pyromancers
  3 wolf spiders
  18 deep elf zephyrmancers
  4 necromancers
  2 obsidian statues
  13 mana vipers
  9 orc sorcerers
  14 harpies
  2 oklob plants (Lair:1)
  A stone giant zombie (Vaults:1)
  24 ugly things
  6 cyclopes
  2 will-o-the-wisps
  Joseph (D:8)
  21 salamanders
  8 guardian serpents
  4 moths of wrath (Vaults:1)
  A cyclops (shapeshifter) (Vaults:5)
  5 manticores
  A dire elephant zombie (Lair:5)
  An ice statue (Orc:2)
  29 black mambas
  A water nymph (shapeshifter) (Vaults:5)
  A water nymph (D:15)
  A gargoyle (Desolation)
  16 vault sentinels
  23 elephants (Lair:5)
  A molten gargoyle (Desolation)
  An elf zombie (Vaults:1)
  21 naga magi
  A cane toad (shapeshifter) (Elf:1)
  29 yaktaurs
  Psyche (D:8)
  Jeremiah (D:7)
  3 rime drakes
  10 cane toads
  10 freezing wraiths
  An unseen horror (shapeshifter) (Elf:1)
  A komodo dragon (shapeshifter) (D:15)
  3 ice devils (IceCv)
  5 tengu conjurers
  A silent spectre (Vaults:1)
  A polar bear (Lair:3)
  7 trolls
  34 saltlings
  19 hornets
  22 blink frogs
  An alligator simulacrum (IceCv)
  A glass eye (Depths:1)
  12 tyrant leeches
  A glass eye (shapeshifter) (Vaults:4)
  An ettin zombie (Vaults:1)
  9 dream sheep
  11 spriggans
  A dire elephant simulacrum (IceCv)
  A culicivora (shapeshifter) (Vaults:5)
  Sigmund (D:5)
  A jumping spider (Vaults:3)
  A shadow (D:13)
  3 air elementals
  3 fire elementals
  61 yaks
  5 hogs (Elf:1)
  2 basilisks
  3 wyverns
  5 water elementals
  5 fire bats (Volcano)
  9 redbacks
  A steam dragon (Lair:2)
  17 vampire mosquitoes
  Grum (Lair:2)
  2 death yak simulacra (Lair:5)
  3 minotaur simulacra (IceCv)
  A warg (Orc:1)
  Menkaure (D:7)
  An elf simulacrum (Vaults:4)
  A harpy simulacrum (IceCv)
  A steam dragon (shapeshifter) (Vaults:5)
  33 nagas
  10 swamp worms
  13 water moccasins
  An acid dragon (D:9)
  A hydra simulacrum (IceCv)
  26 orc warriors
  A sky beast (D:6)
  7 swamp drakes
  A black bear (D:6)
  An ice beast (D:5)
  An ettin simulacrum (IceCv)
  A human zombie (Vaults:1)
  7 ogres
  10 centaurs
  12 wolves
  A human skeleton (Vaults:1)
  A phantom (D:5)
  Blork the orc (D:4)
  3 kobold brigands
  7 bullfrogs
  A gnoll sergeant (D:7)
  4 scorpions
  A cane toad simulacrum (Lair:5)
  A deep troll simulacrum (IceCv)
  4 earth elementals
  6 wights
  18 killer bees
  A lindwurm simulacrum (IceCv)
  An elephant simulacrum (Lair:5)
  3 howler monkeys (D:14)
  8 lava snakes (Volcano)
  2 hounds
  3 jellies
  3 gnoll boudas
  26 orc priests
  Crazy Yiuf (D:7)
  4 iguanas
  4 sleepcaps
  24 orc wizards
  Ijyb (D:5)
  2 hell rats (D:11)
  15 gnolls
  9 adders
  3 river rats (D:11)
  A shadow imp (D:8)
  A white imp (D:7)
  A worm (D:5)
  4 dart slugs
  75 orcs
  9 ball pythons
  6 bats
  5 endoplasms
  3 giant cockroaches
  9 goblins
  4 hobgoblins
  5 jackals
  19 kobolds
  4 quokkas
  3 training dummies (Snake:4)
  2 frilled lizards
  6 rats
1525 creatures vanquished.

Vanquished Creatures (collateral kills)
  2 titans (Vaults:5)
  4 tengu reavers (Vaults:5)
  A shadow dragon (Vaults:5)
  A fire giant (Vaults:5)
  2 vault wardens (Vaults:5)
  2 imperial myrmidons (Desolation)
  2 frost giants (Vaults:5)
  3 stone giants
  6 very ugly things
  2 ironbound preservers (Vaults:5)
  A deep elf demonologist (Vaults:5)
  2 ironbound thunderhulks (Vaults:5)
  A deep elf annihilator (Vaults:5)
  A halazid warlock (Desolation)
  An ettin (Vaults:5)
  4 shambling mangroves
  A fire dragon (Depths:2)
  2 ragged hierophants (Desolation)
  A yaktaur captain (Vaults:5)
  A great orb of eyes (Vaults:5)
  13 hydras
  An ice dragon (Depths:2)
  6 vault guards (Vaults:5)
  2 servants of whispers (Desolation)
  2 ghost crabs (Swamp:2)
  An alligator (Swamp:2)
  A centaur warrior (D:15)
  2 deep troll earth magi (Vaults:5)
  3 iron trolls
  A goliath frog (Swamp:2)
  8 deep trolls
  8 swamp dragons
  An orange crystal statue (D:15)
  A wolf spider (shapeshifter) (Vaults:5)
  An orc knight (Vaults:5)
  4 ironbound convokers
  A necromancer (Vaults:5)
  2 will-o-the-wisps (Swamp:2)
  A cyclops (Vaults:1)
  A molten gargoyle (Desolation)
  A yaktaur (Vaults:5)
  2 freezing wraiths (Vaults:5)
  3 hornets
  4 saltlings (Desolation)
  3 tyrant leeches
  A water elemental (Depths:2)
  2 spriggans (Swamp:2)
  4 swamp worms (Swamp:2)
  2 swamp drakes (Swamp:4)
  2 orc warriors (Vaults:5)
  An ogre (Vaults:5)
  An orc priest (Vaults:5)
  A hell rat (D:11)
  3 orcs (Vaults:5)
  A quokka (D:11)
  21 boulders
152 creatures vanquished.

Vanquished Creatures (others)
  Kirke (Elf:1)
  An ironbound preserver (Vaults:5)
  2 deep elf knights (Elf:2)
  A tyrant leech (Swamp:2)
  A bloated husk (Swamp:4)
  A hornet (Swamp:2)
  A water elemental (D:12)
  A spriggan (Swamp:2)
  2 electric eels (D:12)
  An orc wizard (Orc:2)
  A howler monkey simulacrum (D:9)
  An orc (Vaults:5)
  21 boulders
  39 foxfires
74 creatures vanquished.

Grand Total: 1751 creatures vanquished

Notes
Turn   | Place    | Note
-------+----------+-------------------------------------------
     0 | D:1      | Ignak the Gnoll Air Elementalist began the quest for the
                  | Orb.
     0 | D:1      | Reached XP level 1. HP: 13/13 MP: 6/6
   192 | D:1      | Reached XP level 2. HP: 19/19 MP: 5/7
   203 | D:1      | Learned a level 2 spell: Static Discharge
   322 | D:1      | Found Jomizefu's Weapon Shop.
   770 | D:1      | Reached XP level 3. HP: 21/25 MP: 3/9
   788 | D:1      | Learned a level 3 spell: Swiftness
   792 | D:1      | Learned a level 3 spell: Ozocubu's Armour
   813 | D:2      | Reached skill level 5 in Spellcasting
   868 | D:2      | Identified the +0 short sword of Modesty {flame, Dex+3
                  | Stlth+}
   945 | D:2      | Reached skill level 1 in Invocations
  1041 | D:2      | Found a glowing silver altar of Zin.
  1244 | D:2      | Reached skill level 1 in Fighting
  1244 | D:2      | Reached skill level 1 in Short Blades
  1244 | D:2      | Reached skill level 1 in Long Blades
  1244 | D:2      | Reached skill level 1 in Axes
  1244 | D:2      | Reached skill level 1 in Maces & Flails
  1244 | D:2      | Reached skill level 1 in Polearms
  1244 | D:2      | Reached skill level 1 in Staves
  1244 | D:2      | Reached skill level 1 in Ranged Weapons
  1244 | D:2      | Reached skill level 1 in Throwing
  1244 | D:2      | Reached skill level 1 in Armour
  1244 | D:2      | Reached skill level 1 in Shields
  1244 | D:2      | Reached skill level 1 in Unarmed Combat
  1244 | D:2      | Reached skill level 1 in Evocations
  1334 | D:2      | Reached XP level 4. HP: 32/32 MP: 3/11
  1617 | D:3      | Reached skill level 1 in Shapeshifting
  1676 | D:3      | Learned a level 2 spell: Blink
  1744 | D:3      | Found a faded altar of an unknown god.
  1807 | D:3      | Reached skill level 1 in Hexes
  1807 | D:3      | Reached skill level 1 in Summonings
  1807 | D:3      | Reached skill level 1 in Necromancy
  1807 | D:3      | Reached skill level 1 in Translocations
  1807 | D:3      | Reached skill level 1 in Transmutations
  1807 | D:3      | Reached skill level 1 in Fire Magic
  1807 | D:3      | Reached skill level 1 in Ice Magic
  1807 | D:3      | Reached skill level 1 in Earth Magic
  1807 | D:3      | Reached skill level 1 in Poison Magic
  1974 | D:3      | Found a radiant altar of Vehumet.
  2121 | D:3      | Reached XP level 5. HP: 34/37 MP: 6/12
  2663 | D:4      | Noticed a centaur
  2684 | D:4      | Killed a centaur
  2685 | D:4      | Reached XP level 6. HP: 21/44 MP: 2/14
  2790 | D:4      | Reached skill level 5 in Dodging
  2812 | D:4      | Noticed Blork the orc
  2825 | D:4      | Killed Blork the orc
  2826 | D:4      | Reached skill level 2 in Maces & Flails
  2933 | D:4      | Reached XP level 7. HP: 50/50 MP: 15/15
  3203 | D:4      | Found a staircase to the Ecumenical Temple.
  3209 | Temple   | Entered the Ecumenical Temple
  3237 | Temple   | Became a worshipper of Sif Muna the Loreminder
  3392 | D:5      | Entered Level 5 of the Dungeon
  3419 | D:5      | Reached skill level 5 in Stealth
  3443 | D:5      | Upgraded the game from 0.31-a0-1057-g70f3316b05 to
                  | 0.31-a0-1059-g83d41fd8b6
  3497 | D:5      | Identified the +1 dagger of Floral Innocence {heavy, rElec
                  | Dex+3}
  3664 | D:5      | Reached skill level 3 in Maces & Flails
  3664 | D:5      | Reached XP level 8. HP: 58/58 MP: 16/16
  3728 | D:5      | Noticed Sigmund
  3748 | D:5      | Killed Sigmund
  3921 | D:5      | Noticed Ijyb
  3928 | D:5      | Killed Ijyb
  4149 | D:5      | Learned a level 4 spell: Airstrike
  4678 | D:6      | Reached * piety under Sif Muna
  4960 | D:6      | Reached XP level 9. HP: 65/65 MP: 9/18
  5465 | D:6      | Reached skill level 4 in Maces & Flails
  5953 | D:7      | Noticed Menkaure
  5960 | D:7      | Killed Menkaure
  6033 | D:7      | Found the +6 Majin-Bo {spellvamp, MP+6 Int+6}
  6046 | D:7      | Noticed Jeremiah
  6064 | D:7      | Killed Jeremiah
  6065 | D:7      | Reached skill level 5 in Invocations
  6324 | D:7      | Reached ** piety under Sif Muna
  6342 | D:7      | Learned a level 2 spell: Passwall
  6346 | D:7      | Learned a level 3 spell: Stone Arrow
  6709 | D:7      | Found a runed translucent door.
  6710 | D:7      | Noticed Crazy Yiuf
  6727 | D:7      | Killed Crazy Yiuf
  6818 | D:7      | Reached XP level 10. HP: 73/73 MP: 20/20
  7163 | D:8      | Reached skill level 5 in Fighting
  7163 | D:8      | Reached skill level 5 in Short Blades
  7163 | D:8      | Reached skill level 5 in Long Blades
  7163 | D:8      | Reached skill level 5 in Axes
  7163 | D:8      | Reached skill level 5 in Maces & Flails
  7163 | D:8      | Reached skill level 5 in Polearms
  7163 | D:8      | Reached skill level 5 in Staves
  7163 | D:8      | Reached skill level 5 in Ranged Weapons
  7163 | D:8      | Reached skill level 5 in Throwing
  7163 | D:8      | Reached skill level 5 in Armour
  7163 | D:8      | Reached skill level 5 in Shields
  7163 | D:8      | Reached skill level 5 in Unarmed Combat
  7163 | D:8      | Reached skill level 5 in Evocations
  7197 | D:8      | Noticed Psyche
  7200 | D:8      | Killed Psyche
  7494 | D:8      | Noticed Joseph
  7515 | D:8      | Killed Joseph
  8051 | D:8      | Reached skill level 5 in Conjurations
  8516 | D:9      | Found a sparkling altar of Nemelex Xobeh.
  8644 | D:9      | Reached skill level 5 in Shapeshifting
  8651 | D:9      | Got Hihes's Folio of Poison and Transfiguration
  8695 | D:9      | Found a staircase to the Orcish Mines.
  8697 | D:9      | Found Olefic's Armour Shop.
  8749 | D:9      | Reached *** piety under Sif Muna
  8756 | D:9      | Bought a +0 helmet for 54 gold pieces
  8756 | D:9      | Bought a +1 buckler of positive energy for 162 gold pieces
  8914 | D:9      | Noticed a cyclops
  8914 | D:9      | Noticed a brown ugly thing
  8915 | D:9      | Noticed an eight-headed hydra
  8928 | D:9      | Noticed a two-headed ogre
  8928 | D:9      | Identified the +6 halberd of Lois {vamp, Stlth+}
  8928 | D:9      | Identified the ring "Beiduomna" {rC+ rCorr}
  8928 | D:9      | Noticed a deep elf pyromancer
  8928 | D:9      | Noticed a boulder beetle
  8932 | D:9      | Noticed a death knight
  8932 | D:9      | Noticed a black mamba
  8943 | D:9      | Noticed a skeletal warrior
  8953 | D:9      | Noticed a fire crab
  9153 | D:9      | Reached XP level 11. HP: 75/81 MP: 22/22
  9252 | D:9      | Found an ornate altar of the Wu Jian Council.
  9590 | D:10     | Entered Level 10 of the Dungeon
  9590 | D:10     | Noticed a two-headed ogre
  9595 | D:10     | Killed a two-headed ogre
  9596 | D:10     | Reached skill level 6 in Maces & Flails
  9596 | D:10     | Reached skill level 5 in Hexes
  9596 | D:10     | Reached skill level 5 in Summonings
  9596 | D:10     | Reached skill level 5 in Necromancy
  9596 | D:10     | Reached skill level 5 in Translocations
  9596 | D:10     | Reached skill level 5 in Transmutations
  9596 | D:10     | Reached skill level 5 in Fire Magic
  9596 | D:10     | Reached skill level 5 in Ice Magic
  9596 | D:10     | Reached skill level 5 in Earth Magic
  9596 | D:10     | Reached skill level 5 in Poison Magic
  9604 | D:10     | Learned a level 4 spell: Brom's Barrelling Boulder
  9620 | D:10     | Found a blossoming altar of Fedhas.
  9918 | D:10     | Noticed a cyclops
  9936 | D:10     | Killed a cyclops
 10158 | D:10     | Reached **** piety under Sif Muna
 10613 | D:11     | Noticed Erica
 10618 | D:11     | Noticed a boulder beetle
 10685 | D:10     | Killed a boulder beetle
 10941 | D:11     | Noticed a manticore
 10952 | D:11     | Killed a manticore
 10964 | D:11     | Noticed a death yak
 10966 | D:11     | Noticed a death yak
 10967 | D:11     | Noticed a death yak
 11045 | D:11     | Killed a death yak
 11046 | D:11     | Killed a death yak
 11046 | D:11     | Killed a death yak
 11047 | D:11     | Reached XP level 12. HP: 53/89 MP: 3/24
 11170 | D:11     | Found a staircase to the Lair.
 11248 | D:11     | Reached skill level 7 in Maces & Flails
 11285 | D:11     | Killed Erica
 11495 | D:11     | Noticed Nergalle
 11523 | D:11     | Killed Nergalle
 11698 | D:11     | Noticed a two-headed ogre
 11705 | D:11     | Killed a two-headed ogre
 11893 | D:12     | Noticed a two-headed ogre
 11906 | D:12     | Killed a two-headed ogre
 12043 | D:12     | Identified a scroll of acquirement
 12044 | D:12     | Acquired 1083 gold pieces
 12593 | D:12     | Found Metig's Book Shop.
 12596 | D:12     | Bought a manual of Maces & Flails for 1280 gold pieces
 12804 | Orc:1    | Entered Level 1 of the Orcish Mines
 12975 | Orc:2    | Entered Level 2 of the Orcish Mines
 13014 | Orc:2    | Noticed an orc warlord
 13032 | Orc:1    | Killed an orc warlord
 13201 | Orc:1    | Noticed an ogre mage
 13211 | Orc:1    | Noticed an ogre mage
 13212 | Orc:1    | Killed an ogre mage
 13213 | Orc:1    | Noticed an ogre mage
 13241 | Orc:1    | Reached skill level 8 in Maces & Flails
 13524 | Orc:1    | Killed an ogre mage
 13600 | Orc:1    | Noticed a two-headed ogre
 13609 | Orc:1    | Killed a two-headed ogre
 13609 | Orc:1    | Reached ***** piety under Sif Muna
 13785 | Orc:1    | Reached XP level 13. HP: 90/98 MP: 26/26
 14219 | Orc:2    | Found a staircase to the Elven Halls.
 14229 | Orc:2    | Received a gift from Sif Muna
 14231 | Orc:2    | Got Sif Muna's Precepts of Arcane Combat and the Torch {god
                  | gift}
 14247 | Orc:2    | Learned a level 3 spell: Mephitic Cloud
 14387 | Orc:2    | Found a gateway to a bazaar.
 14758 | Orc:2    | Reached skill level 9 in Maces & Flails
 15178 | Orc:2    | Found Fiodod's Assorted Antiques.
 15178 | Orc:2    | Found Wyinkire's Antique Weapon Boutique.
 15180 | Orc:2    | Found Rulorees's Assorted Antiques.
 15180 | Orc:2    | Found Sedut's Weapon Boutique.
 15188 | Orc:2    | Bought a smoking kite shield for 266 gold pieces
 15188 | Orc:2    | Identified the +0 kite shield of Evolution {-Tele rC- Dex+9
                  | Slay+5} (You bought it in a shop on level 2 of the Orcish
                  | Mines)
 15197 | Orc:2    | Bought an ichor-stained scimitar for 162 gold pieces
 15197 | Orc:2    | Identified the +8 scimitar of Superiority {heavy, *Rage rF+
                  | rC+++ MP+9} (You bought it in a shop on level 2 of the
                  | Orcish Mines)
 15197 | Orc:2    | Bought a steaming dagger for 126 gold pieces
 15197 | Orc:2    | Identified the +3 dagger "Taupt" {freeze, *Noise Dex+5}
                  | (You bought it in a shop on level 2 of the Orcish Mines)
 15744 | Lair:1   | Entered Level 1 of the Lair of Beasts
 15771 | Lair:1   | Reached skill level 10 in Spellcasting
 16342 | Lair:1   | Found a dark tunnel.
 16347 | Volcano  | Entered a volcano
 16605 | Volcano  | Received a gift from Sif Muna
 16606 | Volcano  | Got Sif Muna's Verses on Foul Percussion {god gift}
 16643 | Volcano  | Reached skill level 10 in Maces & Flails
 16643 | Volcano  | Reached skill level 10 in Dodging
 16779 | Volcano  | Found a burning altar of Makhleb.
 16840 | Volcano  | Found a radiant altar of Vehumet.
 16972 | Lair:1   | Found a blossoming altar of Fedhas.
 17057 | Lair:1   | Reached XP level 14. HP: 108/108 MP: 25/28
 17358 | Lair:2   | Reached skill level 10 in Stealth
 17459 | Lair:2   | Noticed Grum
 17576 | Lair:2   | Killed Grum
 17685 | Lair:2   | Found a staircase to the Snake Pit.
 17715 | Lair:2   | Gained mutation: You have a pair of small horns on your
                  | head. [potion of mutation]
 17715 | Lair:2   | Gained mutation: You have large cloven feet. [potion of
                  | mutation]
 17932 | Lair:2   | Found a staircase to the Swamp.
 17978 | Lair:2   | Identified the +1 quarterstaff of Chaos {freeze, rN+}
 18169 | Lair:3   | Reached skill level 10 in Invocations
 18962 | Lair:4   | Found a staircase to the Slime Pits.
 18962 | Lair:4   | Found a viscous altar of Jiyva.
 19172 | Lair:4   | Learned a level 4 spell: Olgreb's Toxic Radiance
 19280 | Lair:4   | Reached skill level 11 in Maces & Flails
 19558 | Lair:4   | Lost mutation: You have a pair of small horns on your head.
                  | [potion of mutation]
 19558 | Lair:4   | Lost mutation: You have large cloven feet. [potion of
                  | mutation]
 19558 | Lair:4   | Gained mutation: You are partially covered in iridescent
                  | scales. (AC +2) [potion of mutation]
 19558 | Lair:4   | Gained mutation: You have an increased reservoir of magic.
                  | (+10% MP) [potion of mutation]
 19558 | Lair:4   | Gained mutation: You possess an exceptional clarity of
                  | mind. [potion of mutation]
 19558 | Lair:4   | Gained mutation: You are robust. (+10% HP) [potion of
                  | mutation]
 19625 | Lair:4   | Received a gift from Sif Muna
 19633 | Lair:4   | Got Muhicu's Guide on Scintillating Sidekicks {god gift}
 20088 | Lair:5   | Entered Level 5 of the Lair of Beasts
 20419 | Lair:5   | Noticed a dire elephant
 20419 | Lair:5   | Noticed a dire elephant
 20421 | Lair:5   | Noticed a dire elephant
 20638 | Lair:5   | Reached skill level 10 in Air Magic
 20659 | Lair:5   | Reached XP level 15. HP: 126/126 MP: 33/33
 20730 | Lair:5   | Reached skill level 10 in Fighting
 20730 | Lair:5   | Reached skill level 10 in Short Blades
 20730 | Lair:5   | Reached skill level 10 in Long Blades
 20730 | Lair:5   | Reached skill level 10 in Axes
 20730 | Lair:5   | Reached skill level 10 in Polearms
 20730 | Lair:5   | Reached skill level 10 in Staves
 20730 | Lair:5   | Reached skill level 10 in Ranged Weapons
 20730 | Lair:5   | Reached skill level 10 in Throwing
 20730 | Lair:5   | Reached skill level 10 in Armour
 20730 | Lair:5   | Reached skill level 10 in Shields
 20730 | Lair:5   | Reached skill level 10 in Unarmed Combat
 20730 | Lair:5   | Reached skill level 10 in Evocations
 20807 | Lair:5   | Reached skill level 12 in Maces & Flails
 21433 | Lair:5   | Noticed Snorg
 21447 | Lair:5   | Learned a level 3 spell: Vampiric Draining
 22015 | Lair:5   | Killed Snorg
 22097 | Lair:5   | Identified the staff "Xolir" {rElec rF+ Conj}
 23280 | D:14     | Received a gift from Sif Muna
 23537 | D:14     | Found Ziedarch's Distillery.
 23678 | D:14     | Upgraded the game from 0.31-a0-1059-g83d41fd8b6 to
                  | 0.31-a0-1066-g35875b34c7
 23699 | D:14     | Found a gate to the Vaults.
 23713 | D:14     | Reached skill level 13 in Maces & Flails
 23718 | D:14     | Reached XP level 16. HP: 136/136 MP: 35/35
 23727 | D:14     | Learned a level 3 spell: Ignite Poison
 24177 | D:15     | Entered Level 15 of the Dungeon
 24421 | D:15     | Reached skill level 10 in Shapeshifting
 24462 | D:15     | Found a staircase to the Depths.
 25614 | D:9      | Received a gift from Sif Muna
 25615 | D:9      | Got Sif Muna's Incunabulum of Anemomancy {god gift}
 25868 | Snake:1  | Entered Level 1 of the Snake Pit
 26728 | Snake:1  | Reached skill level 14 in Maces & Flails
 27401 | Snake:2  | Found Deeniop's Book Boutique.
 27525 | Snake:1  | Learned a level 5 spell: Fireball
 27824 | Snake:2  | Found Feept's Armour Shop.
 27838 | Snake:2  | Found Yseajep's General Store.
 27923 | Snake:2  | Reached skill level 10 in Conjurations
 27938 | Snake:2  | Reached XP level 17. HP: 139/144 MP: 23/36
 28619 | Snake:2  | Identified the +8 flail of Avait {heavy, MP+9}
 28959 | Snake:3  | Received a gift from Sif Muna
 28960 | Snake:3  | Got Sif Muna's Advanced Wizardry {god gift}
 29012 | Snake:3  | Learned a level 5 spell: Freezing Cloud
 29055 | Snake:3  | Found Gaphac's Jewellery Emporium.
 29409 | Snake:3  | Reached skill level 10 in Hexes
 29409 | Snake:3  | Reached skill level 10 in Summonings
 29409 | Snake:3  | Reached skill level 10 in Necromancy
 29409 | Snake:3  | Reached skill level 10 in Translocations
 29409 | Snake:3  | Reached skill level 10 in Transmutations
 29409 | Snake:3  | Reached skill level 10 in Fire Magic
 29409 | Snake:3  | Reached skill level 10 in Ice Magic
 29409 | Snake:3  | Reached skill level 10 in Earth Magic
 29409 | Snake:3  | Reached skill level 10 in Poison Magic
 29460 | Snake:3  | Learned a level 2 spell: Wereblood
 30274 | Snake:4  | Entered Level 4 of the Snake Pit
 30746 | Snake:4  | Reached skill level 15 in Maces & Flails
 31603 | Snake:4  | Found Beitraoha's Firing Range.
 31612 | Snake:4  | Reached ****** piety under Sif Muna
 32028 | Snake:4  | Received a gift from Sif Muna
 32029 | Snake:4  | Got Sif Muna's Tractate on Orientation {god gift}
 32739 | Snake:4  | Reached XP level 18. HP: 83/154 MP: 38/38
 33392 | Snake:4  | Got a serpentine rune of Zot
 33803 | Elf:1    | Entered Level 1 of the Elven Halls
 33835 | Elf:1    | Identified the +0 pair of gloves "Woreifui" {Harm rPois rC-
                  | Stlth+}
 33835 | Elf:1    | Noticed Nikola
 33888 | Elf:1    | Killed Nikola
 33946 | Bazaar   | Entered a bazaar
 33950 | Bazaar   | Found Laczeac's Jewellery Boutique.
 33968 | Bazaar   | Found Aphegeom's Armour Shoppe.
 33986 | Bazaar   | Found Cuife Awem's Distillery.
 34003 | Bazaar   | Found Cauwetea's Jewellery Emporium.
 34041 | Bazaar   | Bought the +3 pair of mountain boots {steadfast, rC+} for
                  | 301 gold pieces
 34041 | Bazaar   | Found the +3 pair of mountain boots {steadfast, rC+}
 34544 | Elf:1    | Paralysed by an air elemental for 1 turns
 34547 | Elf:1    | Paralysed by an air elemental for 1 turns
 34737 | Elf:1    | Noticed Kirke
 34746 | Elf:1    | Reached skill level 16 in Maces & Flails
 34748 | Elf:1    | Killed Kirke
 35212 | Elf:1    | Received a gift from Sif Muna
 35214 | Elf:1    | Paralysed by an air elemental for 1 turns
 35216 | Elf:1    | Paralysed by an air elemental for 1 turns
 35404 | Elf:1    | Got Hoys's Octavo of Unholy Terra Firma {god gift}
 35516 | Elf:1    | Identified the ring of Kona {rC+ Dex+6}
 35602 | Elf:2    | Paralysed by an orc sorcerer for 2 turns
 35835 | Elf:2    | Found a huge runed translucent gate.
 35835 | Elf:2    | Found a huge runed translucent gate.
 35885 | Elf:2    | Found a huge runed translucent gate.
 35885 | Elf:2    | Found a huge runed translucent gate.
 35886 | Elf:2    | Found a huge runed translucent gate.
 36104 | Elf:2    | Paralysed by an air elemental for 1 turns
 36108 | Elf:2    | Paralysed by an air elemental for 1 turns
 36111 | Elf:2    | Paralysed by an air elemental for 1 turns
 36190 | Elf:2    | Reached XP level 19. HP: 142/158 MP: 36/40
 36562 | Elf:2    | Found Fuyd's Tiny Tomes.
 36573 | Elf:2    | Bought Sif Muna's Teachings on the Flock for 280 gold
                  | pieces
 36584 | Elf:2    | Learned a level 7 spell: Ozocubu's Refrigeration
 37152 | Swamp:1  | Entered Level 1 of the Swamp
 37152 | Swamp:1  | Noticed stendehmen's ghost (adept MiFi)
 37152 | Swamp:1  | Noticed a tentacled monstrosity
 37152 | Swamp:1  | Found a runed translucent gate.
 37152 | Swamp:1  | Found a runed translucent gate.
 37152 | Swamp:1  | Found a runed translucent gate.
 37164 | Swamp:1  | Killed a tentacled monstrosity
 37200 | Swamp:1  | Upgraded the game from 0.31-a0-1066-g35875b34c7 to
                  | 0.31-a0-1068-g5939ac1fb6
 37237 | Swamp:1  | Killed stendehmen's ghost
 37430 | Swamp:1  | Identified the ring "Nixt" {EV+5 Int+4}
 37548 | Swamp:1  | Received a gift from Sif Muna
 37549 | Swamp:1  | Got Sif Muna's Secrets of Telluric Voltage {god gift}
 37574 | Swamp:1  | Learned a level 5 spell: Lee's Rapid Deconstruction
 38098 | Swamp:2  | Reached skill level 17 in Maces & Flails
 38339 | Swamp:2  | Noticed Roxanne
 38346 | Swamp:2  | Killed Roxanne
 38649 | Swamp:2  | Noticed a tentacled monstrosity
 38652 | Swamp:2  | Noticed Ynurim's ghost (adept AtFi)
 38655 | Swamp:2  | Noticed a tentacled monstrosity
 38658 | Swamp:2  | Found a transporter.
 38667 | Swamp:2  | Found a transporter.
 38773 | Swamp:2  | Killed a tentacled monstrosity
 38940 | Swamp:2  | Killed a tentacled monstrosity
 38946 | Swamp:2  | Killed Ynurim's ghost
 39985 | Swamp:4  | Entered Level 4 of the Swamp
 40076 | Swamp:4  | Learned a level 5 spell: Fireball
 40129 | Swamp:4  | Found a frozen archway.
 40154 | IceCv    | Entered an ice cave
 40225 | IceCv    | Learned a level 4 spell: Dispel Undead
 40319 | IceCv    | Reached XP level 20. HP: 164/164 MP: 31/42
 40981 | IceCv    | Found the +8 frozen axe "Frostbite" {freeze, freezing
                  | cloud, *Noise Fly rC+}
 40984 | IceCv    | Got Sif Muna's Folio of the Serac
 41356 | Swamp:4  | Reached skill level 15 in Invocations
 41402 | Swamp:4  | Noticed Bai Suzhen
 41411 | Swamp:4  | Killed Bai Suzhen
 41531 | Swamp:4  | Got a decaying rune of Zot
 42032 | Vaults:1 | Entered Level 1 of the Vaults
 42225 | Vaults:1 | Reached skill level 18 in Maces & Flails
 42321 | Vaults:1 | Paralysed by a formless jellyfish for 1 turns
 42326 | Vaults:1 | Paralysed by a formless jellyfish for 1 turns
 43586 | Vaults:1 | Reached skill level 15 in Spellcasting
 43724 | Vaults:1 | Found a transporter.
 43731 | Vaults:1 | Found a transporter.
 43736 | Vaults:1 | Found a runed translucent door.
 43736 | Vaults:1 | Found a bloodstained altar of Trog.
 43736 | Vaults:1 | Found the +8 Wrath of Trog {antimagic, *Rage Rampage}
 44042 | Vaults:1 | Identified the +2 pair of boots "Rikhes" {rN+ SInv Stlth+}
 44047 | Vaults:1 | Identified the +5 glaive "Oli Bot" {venom, rF+ Will+ Dex-5}
 44616 | Vaults:1 | Reached skill level 15 in Dodging
 44813 | Vaults:1 | Reached XP level 21. HP: 93/182 MP: 21/44
 45240 | Vaults:2 | Found Hurghugg's Book Boutique.
 45326 | Vaults:2 | Found a staircase to the Crypt.
 45326 | Vaults:2 | Found an ancient bone altar of Kikubaaqudgha.
 45327 | Vaults:2 | Found a basalt altar of Yredelemnul.
 45382 | Vaults:2 | Identified the ring of the Thistle {rN+ Will+}
 45422 | Vaults:2 | Reached skill level 15 in Stealth
 45769 | Vaults:2 | Found Foazif's Armour Boutique.
 46205 | Vaults:2 | Found Gem Yro's Weapon Boutique.
 46757 | Vaults:3 | Paralysed by a sphinx for 2 turns
 46843 | Vaults:3 | Reached skill level 19 in Maces & Flails
 47169 | Vaults:3 | You fall into a shaft and drop 1 floor!
 47384 | Vaults:4 | Noticed Zenata
 47456 | Vaults:4 | Received a gift from Sif Muna
 47617 | Vaults:4 | Found a crumbling gateway.
 47640 | Desolati | Entered the Desolation of Salt
 48045 | Desolati | Found the ring of the Octopus King {rC+ HP+2 AC+2 EV+2
                  | SH+2}
 48130 | Desolati | Identified the ring "Wiziulu" {Dex+4 SInv}
 48187 | Desolati | Identified the amulet "Ecras" {Acrobat rF++ Will- Str+6}
 48213 | Desolati | Reached skill level 15 in Fighting
 48213 | Desolati | Reached skill level 15 in Short Blades
 48213 | Desolati | Reached skill level 15 in Long Blades
 48213 | Desolati | Reached skill level 15 in Axes
 48213 | Desolati | Reached skill level 15 in Polearms
 48213 | Desolati | Reached skill level 15 in Staves
 48213 | Desolati | Reached skill level 15 in Ranged Weapons
 48213 | Desolati | Reached skill level 15 in Throwing
 48213 | Desolati | Reached skill level 15 in Armour
 48213 | Desolati | Reached skill level 15 in Shields
 48213 | Desolati | Reached skill level 15 in Unarmed Combat
 48213 | Desolati | Reached skill level 15 in Evocations
 48400 | Desolati | Identified the amulet "Rapipt" {RegenMP Harm Fly}
 48403 | Desolati | Got the Book of the Coward and Generation
 48410 | Desolati | Got the Essays on Metal and Accompaniment
 48411 | Desolati | Identified the +0 robe of Inference {rC+}
 48612 | Desolati | Identified the ring of Gomaemm {rN+ Str-3 Int+6 Dex+4}
 48616 | Desolati | Got the Vellum of Beguiling and Unspeakable Words
 48621 | Desolati | Got the Codex of Venom
 48843 | Vaults:4 | Reached XP level 22. HP: 191/192 MP: 33/45
 49146 | Vaults:4 | Found Sefrighu's Magic Scroll Boutique.
 49150 | Vaults:4 | Bought a scroll of revelation for 157 gold pieces
 49150 | Vaults:4 | Bought a scroll of teleportation for 63 gold pieces
 49150 | Vaults:4 | Bought a scroll of enchant armour for 157 gold pieces
 49310 | Vaults:4 | Noticed Sojobo
 49323 | Vaults:4 | Paralysed by an air elemental for 1 turns
 49327 | Vaults:4 | Paralysed by an air elemental for 1 turns
 49331 | Vaults:4 | Paralysed by an air elemental for 1 turns
 49332 | Vaults:4 | Killed Sojobo
 49480 | Vaults:4 | Killed Zenata
 50089 | Vaults:5 | Entered Level 5 of the Vaults
 50119 | Vaults:5 | Reached skill level 20 in Maces & Flails
 50125 | Vaults:5 | Identified the +1 great sword "Wenahuo" {venom, rCorr}
 50125 | Vaults:5 | Identified the staff of Durable Valour {rN+ Int+2 Earth}
 50125 | Vaults:5 | Received a gift from Sif Muna
 50393 | Vaults:5 | Reached XP level 23. HP: 202/202 MP: 3/47
 50469 | Vaults:5 | Identified the ring of the Beloved Banana {rPois rF+ Str+3}
 50476 | Vaults:5 | Identified the +0 pair of boots of Ubaff {Str+3}
 50516 | Vaults:5 | Learned a level 8 spell: Maxwell's Capacitive Coupling
 50575 | Vaults:5 | Got Sif Muna's Codex of Charms and Heat {god gift}
 50755 | Vaults:5 | Noticed a golden dragon
 50760 | Vaults:5 | Killed a golden dragon
 50988 | Vaults:5 | Noticed a dread lich
 51289 | Vaults:5 | Identified the amulet "Asemoal" {Faith rPois Int+3}
 51460 | Vaults:5 | Found the ring of the Tortoise {AC+8}
 51466 | Vaults:5 | Identified the +5 dagger "Bekoucy" {drain, Will++}
 51614 | Vaults:5 | Got a silver rune of Zot
 51823 | Vaults:5 | Killed a dread lich
 52545 | Depths:1 | Entered Level 1 of the Depths
 52588 | Depths:1 | Identified the ring "Diexuw" {Will+ Str+6 Int+3}
 52645 | Depths:1 | Found Atte's Assorted Antiques.
 52659 | Depths:1 | Found Rusiw's Jewellery Shoppe.
 52661 | Depths:1 | Found Xali's Magic Scroll Shoppe.
 52661 | Depths:1 | Found Birghinum's Distillery.
 52679 | Depths:1 | Bought a scroll of teleportation for 90 gold pieces
 52683 | Depths:1 | Bought a scroll of blinking for 135 gold pieces
 52683 | Depths:1 | Bought a scroll of teleportation for 54 gold pieces
 52687 | Depths:1 | Found a gateway to Hell.
 52691 | Depths:1 | Bought the amulet of Usenimi {RegenMP rN++} for 665 gold
                  | pieces
 52837 | Depths:1 | Gained mutation: You are dopey. (Int -2) [mutagenic glow]
 53361 | Depths:1 | Acquired 787 gold pieces
 54158 | Depths:2 | Reached skill level 21 in Maces & Flails
 54219 | Depths:2 | Identified the +0 plate armour of Simnuklu {-Cast rN+
                  | Dex+2}
 54226 | Depths:2 | Found a one-way gateway to a ziggurat.
 54246 | Depths:2 | Upgraded the game from 0.31-a0-1068-g5939ac1fb6 to
                  | 0.31-a0-1093-gadecf4124d
 54281 | Depths:2 | Found a one-way gate leading to the halls of Pandemonium.
 54301 | Depths:2 | Noticed Vv
 54336 | Depths:2 | Killed from afar by Vv

Illustrated notes

Levels and vault maps discovered:
D:1:      lightli_arrival_isolated_outpost, layout_loops_ring, serial_shops,
          shop
D:2:      layout_loops_ring, basic_altar
D:3:      layout_loops_ring, mainiacjoe_overflow_alcove_1,
          hellmonk_ecumenical_altar_pennies_from_heaven
D:4:      nicolae_BIG_FREAKIN_CUBE, layout_rooms,
          minmay_temple_entry_enclosed_plants, serial_curves, eino_curves_03,
          eino_curves_03, uniq_blork_the_orc
D:5:      layout_basic, uniq_ijyb, uniq_sigmund
D:6:      layout_loops_ring
D:7:      layout_basic, uniq_menkaure, uniq_crazy_yiuf_cottage, uniq_jeremiah
D:8:      layout_layer_cave, uniq_psyche, uniq_joseph
D:9:      layout_long_grid, general_overflow_altar, lemuel_tele_altar,
          orc_david_3, minivault_12
D:10:     layout_roguey, fedhas_altar_4, wad_floor_pattern_1
D:11:     layout_long_grid, dpeg_lair_monsters, uniq_erica, uniq_nergalle
D:12:     layout_loops_ring, serial_shops, kennysheep_mini, grunt_ministairs_10,
          lemuel_freeze_loot_1
D:13:     layout_rooms
D:14:     layout_long_grid, erik_vaults_2, kennysheep_nub, serial_shops, shop
D:15:     hangedman_depths_entry_try_elsewhere_first, layout_stronghold,
          minivault_26, minmay_variable_closet, minivault_16, minivault_25_ag
Temple:   nicolae_temple_no_exploring_needed
Lair:1:   layout_loops_ring, nicolae_volcano_entry_s_turn, minivault_26,
          hangedman_tree_tricks
Lair:2:   beargit_carnivore_pack, layout_concentric_octagons, swamp_mist,
          dummy_snake_entry, infiniplex_staircase_pool
Lair:3:   layout_long_grid, minmay_holes, grunt_megastairs_3
Lair:4:   layout_cave_pods, slime_entry_1, grunt_megastairs_5
Lair:5:   due_jungle_book, layout_loops_ring, uniq_snorg
Swamp:1:  layout_falls_marsh, gammafunk_ghost_split,
          evilmike_swamp_ruin_rubble_1, grunt_hermit_hut
Swamp:2:  layout_basic_swamp, gammafunk_ghost_arena,
          evilmike_swamp_ruin_house_2, nicolae_swamp_tree_isthmus, uniq_roxanne
Swamp:3:  layout_basic_swamp, evilmike_swamp_ruin_house_6, swamp_pool_5,
          nicolae_swamp_catching_bugs
Swamp:4:  swamp, layout_basic_swamp, portal_ice_cave_entry_frozen_things,
          uniq_bai_suzhen
Snake:1:  layout_honeycomb, nicolae_twisty_statue_hallways
Snake:2:  layout_rooms, serial_shops, shop, grunt_megastairs_4, minmay_shop_star
Snake:3:  layout_onion_interference, serial_shops, shop_coins
Snake:4:  snake_pit_salamanders_mu, layout_layer_cave, nicolae_shop_firing_range
Orc:1:    hellmonk_paralyzer, layout_caves, mines_bat_river
Orc:2:    grunt_orc_tribal_feast, layout_caves, serial_shops, statue_bzr,
          minmay_orc_temple_b
Elf:1:    minmay_elf_arrival_circle, layout_geoelf_diagonals,
          hangedman_corner_corridor, minivault_27, uniq_kirke, uniq_nikola
Elf:2:    elven_hall_of_blades_hangedman_alternative [nicolae_blade_tridents],
          layout_gridlike, nicolae_shop_i_like_small_books_too, drop_trap
Vaults:1: nicolae_vaults_network_periphery, emtedronai_trogs_sanctum,
          nicolae_vaults_trapezoid_2, nicolae_vaults_cornered_office, v_misc_25,
          nicolae_vaults_two_Ls, grunt_vaults_diagonal, hangedman_vaults_impose,
          grunt_vaults_hallway_short, nicolae_vaults_hexular_roomagon,
          hangedman_vaults_snaps, layout_vaults_omnibox
Vaults:2: serial_library_hellmonk_big_corner, hangedman_vaults_maws,
          nicolae_vaults_sightless_eye, nicolae_vaults_octothorpe,
          nicolae_vaults_storage_room_glass, minmay_crypt_entry_necro_gods,
          v_misc_5, nicolae_vaults_heist, vaults_mumra_lcd,
          vaults_mumra_minichess, nicolae_vaults_alarming,
          nicolae_vaults_tetromino_L_1, layout_vaults_chaotic_city,
          serial_shops, shop, nicolae_shop_rolling_square,
          nicolae_book_shop_shelving
Vaults:3: ontoclasm_vaults_spin, nicolae_vaults_two_Ls,
          grunt_vaults_hallway_short, nicolae_vaults_closet_pinwheel_5,
          vaults_room_glass_cross, v_misc_12, nicolae_vaults_circle_grid_a,
          vaults_dpeg_doors, nicolae_vaults_apartment_1, v_misc_17,
          nicolae_vaults_little_squares_5, vaults_standard_mumra_lines,
          vaults_dpeg_cross, v_misc_17, nicolae_vaults_double_plus_1,
          layout_vaults_ring
Vaults:4: portal_desolation_entry_nicolae_nacl, nicolae_vaults_spaceships,
          vaults_room_door_hall, v_misc_18, v_misc_15,
          ontoclasm_vaults_ligature, nicolae_vaults_doubleplus_tesselated,
          ontoclasm_vaults_decontamination, nicolae_vaults_security_offices_1,
          serial_ice_h, layout_vaults_omnicross, serial_shops,
          nicolae_shop_back_alley_shop, uniq_sojobo, uniq_zenata
Vaults:5
Depths:1: layout_cave_pools, minmay_crystal_water, hell_entry,
          minmay_shop_grid_forest, wad_mini_maze, serial_bayou_shore_a
Depths:2: cheibrodos_leafed_vault, layout_cave_pools, enter_ziggurat_c,
          pan_entry, hell_entry, grunt_gozag_statues, elyvilon_altar_1,
          uniq_enchantress, uniq_vv, uniq_norris, uniq_asterion

Skill      XL: |  1  2  3  4  5  6  7  8  9 10 11 12 13 14 15 16 17 18 19 20 21 22 23 |
---------------+----------------------------------------------------------------------+-----
Conjurations   | 2 3 4 5 6 7 8 9 10 11 12 13 | 13.9
Spellcasting   | 5 6 7 8 9 10 11 12 13 14 15 16 | 16.8
Invocations    | 1 2 3 4 5 6 7 8 9 10 11 12 13 14 15 16 17 | 17.5
Fighting       | 1 2 3 4 5 6 8 9 10 11 12 13 14 15 16 17 | 17.2
Short Blades   | 1 2 3 4 5 6 8 9 10 11 12 13 14 15 16 | 16.1
Long Blades    | 1 2 3 4 5 6 8 9 10 11 12 13 14 15 16 | 16.1
Axes           | 1 2 3 4 5 6 8 9 10 11 12 13 14 15 16 | 16.1
Maces & Flails | 1 2 3 4 5 6 8 10 11 13 14 15 16 17 18 19 20 21 | 21.1
Polearms       | 1 2 3 4 5 6 8 9 10 11 12 13 14 15 16 | 16.1
Staves         | 1 2 3 4 5 6 8 9 10 11 12 13 14 15 16 | 16.1
Ranged Weapons | 1 2 3 4 5 6 8 9 10 11 12 13 14 15 16 | 16.1
Throwing       | 1 2 3 4 5 6 8 9 10 11 12 13 14 15 16 | 16.1
Armour         | 1 2 3 4 5 6 8 9 10 11 12 13 14 15 16 | 16.1
Shields        | 1 2 3 4 5 6 8 9 10 11 12 13 14 15 16 | 16.1
Unarmed Combat | 1 2 3 4 5 6 8 9 10 11 12 13 14 15 16 | 16.1
Evocations     | 1 2 3 4 5 6 8 9 10 11 12 13 14 15 16 | 16.1
Shapeshifting  | 1 2 3 4 5 6 7 8 9 10 11 12 13 14 | 14.9
Hexes          | 1 2 3 4 5 6 7 8 9 10 11 12 13 | 13.7
Summonings     | 1 2 3 4 5 6 7 8 9 10 11 12 13 | 13.7
Necromancy     | 1 2 3 4 5 6 7 8 9 10 11 12 13 | 13.7
Translocations | 1 2 3 4 5 6 7 8 9 10 11 12 13 | 13.7
Transmutations | 1 2 3 4 5 6 7 8 9 10 11 12 13 | 13.7
Fire Magic     | 1 2 3 4 5 6 7 8 9 10 11 12 13 | 13.7
Ice Magic      | 1 2 3 4 5 6 7 8 9 10 11 12 13 | 13.7
Earth Magic    | 1 2 3 4 5 6 7 8 9 10 11 12 13 | 13.7
Poison Magic   | 1 2 3 4 5 6 7 8 9 10 11 12 13 | 13.7
Dodging        | 5 6 7 8 9 10 11 12 13 14 15 16 | 16.7
Stealth        | 5 6 7 8 9 10 11 12 13 14 15 16 | 16.6
Air Magic      | 6 7 8 9 10 11 12 13 14 | 14.7

Action                     |  1- 3 |  4- 6 |  7- 9 | 10-12 | 13-15 | 16-18 | 19-21 | 22-24 || total
---------------------------+-------+-------+-------+-------+-------+-------+-------+-------++-------
  Melee: Rapier            |    18 |       |       |       |       |       |       |       ||    18
         Bite              |     4 |     8 |    23 |    40 |   163 |   121 |   162 |    55 ||   576
         Short sword       |    27 |    66 |    24 |       |       |       |       |       ||   117
         Punch             |       |     2 |     3 |       |       |       |       |       ||     5
         Dagger            |       |       |   119 |     9 |    11 |     4 |       |       ||   143
         Bo                |       |       |     7 |   291 |   866 |   348 |    76 |   126 ||  1714
         Headbutt          |       |       |       |       |    38 |       |       |       ||    38
         Flail             |       |       |       |       |       |   544 |   803 |    50 ||  1397
         Unarmed           |       |       |       |       |       |       |    10 |     6 ||    16
         Eveningstar       |       |       |       |       |       |       |       |   112 ||   112
  Throw: Dart              |       |       |       |     1 |     3 |       |     5 |       ||     9
   Cast: Shock             |    25 |    19 |    65 |     8 |     1 |       |       |       ||   118
         Static Discharge  |     1 |    10 |    43 |   145 |   226 |    29 |       |       ||   454
         Ozocubu's Armour  |     1 |     1 |     2 |     2 |     5 |     5 |     1 |       ||    17
         Airstrike         |       |       |     3 |     9 |     5 |    43 |     4 |       ||    64
         Stone Arrow       |       |       |     6 |    16 |    75 |   131 |    71 |     9 ||   308
         Blink             |       |       |     4 |     9 |    17 |    27 |    38 |    14 ||   109
         Brom's Barrelling |       |       |       |    25 |    19 |    15 |       |       ||    59
         Passwall          |       |       |       |     2 |       |     1 |       |       ||     3
         Swiftness         |       |       |       |     1 |       |       |       |       ||     1
         Mephitic Cloud    |       |       |       |       |    13 |     2 |       |       ||    15
         Olgreb's Toxic Ra |       |       |       |       |    54 |    78 |   108 |    59 ||   299
         Vampiric Draining |       |       |       |       |    35 |    11 |       |       ||    46
         Ignite Poison     |       |       |       |       |       |    26 |    44 |    26 ||    96
         Fireball          |       |       |       |       |       |     4 |    28 |       ||    32
         Freezing Cloud    |       |       |       |       |       |    56 |    23 |     5 ||    84
         Wereblood         |       |       |       |       |       |    17 |     4 |     5 ||    26
         Maxwell's Capacit |       |       |       |       |       |     1 |     4 |    19 ||    24
         Lee's Rapid Decon |       |       |       |       |       |       |    39 |     6 ||    45
         Dispel Undead     |       |       |       |       |       |       |    35 |     4 ||    39
         Dragon's Call     |       |       |       |       |       |       |     3 |     4 ||     7
         Ozocubu's Refrige |       |       |       |       |       |       |     5 |       ||     5
 Invoke: Channel Magic     |       |       |       |     1 |     2 |       |     6 |     3 ||    12
         Divine Exegesis   |       |       |       |       |       |     1 |     7 |     4 ||    12
         Forget Spell      |       |       |       |       |       |       |     1 |     1 ||     2
  Evoke: Wand              |       |       |     5 |    27 |    14 |     4 |     6 |       ||    56
         Tin of tremorston |       |       |       |       |     4 |     1 |     2 |       ||     7
         Phantom mirror    |       |       |       |       |     2 |     2 |     3 |     1 ||     8
         Lightning rod     |       |       |       |       |       |       |     5 |       ||     5
         Phial of floods   |       |       |       |       |       |       |     2 |       ||     2
    Use: Potion            |     4 |       |     2 |     2 |     5 |     4 |     3 |     3 ||    23
         Scroll            |       |       |     6 |     5 |    10 |    10 |     8 |    13 ||    52
   Stab: Sleeping          |     8 |    11 |    18 |     9 |     9 |    20 |    13 |     7 ||    95
         Paralysed         |       |       |     1 |    11 |     2 |     1 |     4 |       ||    19
         Distracted        |       |       |     1 |     2 |       |     1 |       |     1 ||     5
         Confused          |       |       |       |       |     8 |       |       |       ||     8
         Petrified         |       |       |       |       |     2 |       |       |       ||     2
         Invisible         |       |       |       |       |       |       |       |     2 ||     2
 Armour: Robe              |    18 |    34 |   145 |   429 |   247 |       |       |   260 ||  1133
         Leather armour    |       |       |       |       |   940 |   930 |   609 |       ||  2479
         Swamp dragon scal |       |       |       |       |       |       |   336 |   183 ||   519
         Skin              |       |       |       |       |       |       |     2 |       ||     2
  Dodge: Dodged            |    34 |    67 |   138 |   302 |   616 |   538 |  1082 |   388 ||  3165
  Block: Buckler           |       |       |       |   129 |   136 |       |       |   173 ||   438
         Kite shield       |       |       |       |       |   532 |   760 |  1008 |   149 ||  2449
         Reflection        |       |       |       |       |       |       |       |     3 ||     3

Table legend: (Time is in decaauts)
 A = Elapsed time spent in this place.
 B = Non-inter-level travel time spent in this place.
 C = Inter-level travel time spent in this place.
 D = Time resting spent in this place.
 E = Time spent auto-exploring this place.
 F = Levels seen in this place.
 G = Mean time per level.
                   A        B        C        D        E       F      G
               +--------+--------+--------+--------+--------+-----+--------+
         Total |  54717 |  50893 |   3824 |   7448 |  22127 |  44 | 1243.6 |
       Dungeon |  17059 |  15527 |   1532 |   1252 |   9155 |  15 | 1137.3 |
        Temple |     37 |     37 |      0 |      0 |      0 |   1 |   37.0 |
          Lair |   6479 |   5690 |    789 |    397 |   2850 |   5 | 1295.8 |
         Swamp |   4231 |   3887 |    344 |    606 |   1403 |   4 | 1057.8 |
     Snake Pit |   7799 |   7546 |    253 |   1631 |   3215 |   4 | 1949.8 |
  Orcish Mines |   2922 |   2737 |    185 |    642 |    786 |   2 | 1461.0 |
   Elven Halls |   2826 |   2761 |     65 |    442 |    786 |   2 | 1413.0 |
        Vaults |   8738 |   8197 |    541 |   1032 |   3424 |   5 | 1747.6 |
        Depths |   1800 |   1688 |    112 |    492 |    470 |   2 |  900.0 |
        Bazaar |    238 |    238 |      0 |      0 |      0 |   1 |  238.0 |
      Ice Cave |    934 |    934 |      0 |    465 |     36 |   1 |  934.0 |
       Volcano |    528 |    528 |      0 |    204 |      0 |   1 |  528.0 |
    Desolation |   1120 |   1120 |      0 |    285 |      0 |   1 | 1120.0 |
               +--------+--------+--------+--------+--------+-----+--------+

Top non-repeatable levels by time:
 Snake:4: 3052 daAuts
Vaults:1: 2610 daAuts
  Lair:5: 2086 daAuts
Vaults:4: 2007 daAuts
Vaults:5: 1957 daAuts
 Snake:1: 1820 daAuts
   Orc:2: 1782 daAuts
 Snake:3: 1719 daAuts
     D:9: 1718 daAuts
Vaults:2: 1602 daAuts
Depths:1: 1594 daAuts
   Elf:1: 1480 daAuts
  Lair:1: 1408 daAuts
     D:8: 1402 daAuts
    D:11: 1365 daAuts
